 Dungeon Crawl Stone Soup version 0.27.1 (webtiles) character file.

Game seed: 2921738548325340744

396 scurtis6 the Chopper (level 6, 0/56 HPs)
             Began as a Minotaur Berserker on Aug 30, 2021.
             Was a Believer of Trog.
             Slain by a gnoll sergeant (10 damage)
             ... on level 5 of the Dungeon.
             The game lasted 00:11:11 (3682 turns).

scurtis6 the Chopper (Minotaur Berserker)           Turns: 3682, Time: 00:11:12

Health: 0/56       AC:  9    Str: 23    XL:     6   Next: 52%
Magic:  5/5        EV:  9    Int:  4    God:    Trog [**....]
Gold:   125        SH:  0    Dex: 10    Spells: 5/5 levels left

rFire    . . .     SeeInvis .   a - +0 hand axe
rCold    . . .     Faith    .   (no shield)
rNeg     . . .     Spirit   .   u - +0 chain mail
rPois    .         Reflect  .   (helmet restricted)
rElec    .         Harm     .   (no cloak)
rCorr    .         Rampage  .   (no gloves)
Will     .....                  (no boots)
Stlth    ..........             (no amulet)
HPRegen  0.18/turn              (no ring)
MPRegen  0.09/turn              (no ring)

@: confused, ambrosia-drunk
A: horns 2, retaliatory headbutt
a: Renounce Religion, Berserk, Trog's Hand


You were on level 5 of the Dungeon.
You worshipped Trog.
Trog was pleased with you.
You visited 1 branch of the dungeon, and saw 5 of its levels.

You collected 125 gold pieces.

Inventory:

Hand Weapons
 a - a +0 hand axe (weapon)
 e - a +0 short sword of freezing
Missiles
 k - 2 throwing nets (quivered)
Armour
 u - a +0 chain mail (worn)
Magical Staves
 t - a staff of fire
Wands
 m - a wand of paralysis (6)
 o - a wand of acid (8)
 s - a wand of iceblast (11)
Scrolls
 c - 2 scrolls of teleportation {unknown}
 g - a scroll of identify {unknown}
 l - a scroll of acquirement {unknown}
 n - a scroll of amnesia {unknown}
 p - a scroll of magic mapping {unknown}
 q - a scroll of noise {unknown}
 r - a scroll of fog {unknown}
Potions
 d - a potion of lignification {unknown}
 f - 3 potions of flight {unknown}
 i - a potion of resistance {unknown}
 j - a potion of haste {unknown}


   Skills:
 + Level 5.5 Fighting
 + Level 5.8 Axes
 + Level 4.3 Armour
 + Level 3.8 Dodging
 + Level 0.6 Stealth


You had 5 spell levels left.
You didn't know any spells.
Your spell library was empty.

Dungeon Overview and Level Annotations

Branches:
Dungeon (5/15)
 Temple: D:4-7

Altars:

Shops:
D:1 ?

Annotations:
D:3 1 runed translucent door, Crazy Yiuf
D:5 1 transporter, IBeShadow's ghost, novice DrFE


Innate Abilities, Weirdness & Mutations

You have a pair of horns on your head.
You reflexively headbutt those who attack you in melee.


Message History

HP restored.
You start waiting.
You start waiting.
You start waiting.
You hear the rapid hiss of a very distant avalanche of sand.
You start waiting.
IBeShadow's ghost whispers, "Soon you will have time, lots of time..."
The gnoll shouts!
You hear the rapid hiss of a very distant avalanche of sand.
The gnoll shouts!
There is a transporter here.
There's nothing to open nearby.
You enter the transporter and appear at another place.
You hear the rapid hiss of a very distant avalanche of sand.
The gnoll zaps a wand.
The bolt of acid hits you!
You are splashed with acid!
The gnoll barely misses you.
There is an open translucent door here.
The gnoll hits you but does no damage. x2
You hit the gnoll. You headbutt the gnoll.
The gnoll is heavily wounded.
The gnoll hits you but does no damage.
The gnoll hits you from afar with a +2 spear of electrocution.
You are electrocuted!!
* * * LOW HITPOINT WARNING * * *
The gnoll barely misses you. You furiously retaliate!
You headbutt the gnoll!
You kill the gnoll!
Trog accepts your kill.
Unknown command.
It was a potion of ambrosia.
You are confused.
You feel invigorated. The gnoll barely misses you.
The gnoll hits you from afar with a +2 spear of electrocution.
* * * LOW HITPOINT WARNING * * *
The gnoll hits you but does no damage.
You are electrocuted!
* * * LOW HITPOINT WARNING * * *
There is an open translucent door here.
You are too confused!
You bump into the stone wall.
The gnoll sergeant hits you from afar with a +1 trident of venom!
You die...

≈≈≈≈≈≈≈≈≈...≈≈≈≈≈≈≈≈≈≈≈.#
≈≈≈≈≈≈≈≈≈...≈≈≈≈≈≈≈≈≈≈≈.#
#####...........#####≈≈.#
#.#.#.###.©.###.#.#.#≈≈.#
#...###©#####.###...#≈≈.#
###..........gggWg###≈≈.#
.8#.### ##'######g#8.≈≈.#
.##g#.$$#8..#.g.#.##.≈≈)#
.#Wg'..:#⌠©...g.@.)#.≈≈.#
.##g#$.=#8..#P⌠.#.##.≈≈.#
.8#.# ##'######g#8.≈≈.##
###..
..........###≈≈..#####
#g..#
.#####.###...#≈≈...##.#
#g#.# #
#.©.###.#.#.#≈≈.#..#.#
#####
........#####≈≈..#.#.#
≈≈≈≈≈
≈≈≈≈≈≈≈≈≈≈≈≈≈≈≈......##
≈≈≈≈≈ ≈≈≈≈≈≈≈.##....###


You could see 2 gnoll sergeants, a gnoll shaman and 4 gnolls.

Vanquished Creatures
  A necrophage (D:3)
  An ogre (D:5)
  A scorpion (D:5)
  A hound (D:4)
  Ijyb (D:3)
  4 gnolls
  4 adders
  A dart slug (D:3)
  2 giant cockroaches (D:3)
  9 goblins
  3 hobgoblins
  A quokka (D:3)
  A ball python (D:3)
  5 bats
  2 frilled lizards
  4 kobolds
  5 rats
46 creatures vanquished.

Vanquished Creatures (others)
  8 plants
8 creatures vanquished.

Grand Total: 54 creatures vanquished

Notes
Turn   | Place    | Note
-------+----------+-------------------------------------------
     0 | D:1      | scurtis6 the Minotaur Berserker began the quest for the
                  | Orb.
     0 | D:1      | Reached XP level 1. HP: 19/19 MP: 0/0
   507 | D:2      | Reached XP level 2. HP: 19/27 MP: 1/1
  1270 | D:2      | Reached XP level 3. HP: 17/34 MP: 2/2
  1275 | D:2      | HP: 2/51 [gnoll (15)]
  1794 | D:1      | Found a faded altar of an unknown god.
  1941 | D:1      | Found Iklomiec's Magic Scroll Emporium.
  2203 | D:3      | Noticed a necrophage
  2212 | D:3      | Reached XP level 4. HP: 31/41 MP: 3/3
  2220 | D:3      | Killed a necrophage
  2221 | D:3      | Reached skill level 5 in Fighting
  2221 | D:3      | Reached XP level 5. HP: 30/48 MP: 4/4
  2531 | D:3      | Noticed Ijyb
  2539 | D:3      | Reached ** piety under Trog
  2547 | D:3      | Paralysed by Ijyb for 6 turns
  2558 | D:3      | Killed Ijyb
  2835 | D:3      | Found a runed translucent door.
  2836 | D:3      | Noticed Crazy Yiuf
  2997 | D:4      | Reached skill level 5 in Axes
  3102 | D:5      | Entered Level 5 of the Dungeon
  3161 | D:5      | Identified the +1 kite shield of Supple Strength {+Inv
                  | Will+ Str-3}
  3170 | D:5      | Reached XP level 6. HP: 56/56 MP: 5/5
  3170 | D:5      | Noticed IBeShadow's ghost (novice DrFE)
  3200 | D:5      | Found a transporter.
  3201 | D:5      | Found a transporter.
  3682 | D:5      | Slain by a gnoll sergeant

Illustrated notes

Levels and vault maps discovered:
D:1:      lightli_arrival_lavapool, layout_loops_ring,
          ebering_ecumenical_altar_petrified, serial_shops, shop_fountains,
          shop, chequers_serial_rivers_marsh, nrook_mini_backslash
D:2:      layout_rooms, serial_forest, infiniplex_forest_clump_double,
          infiniplex_forest_diagonal, infiniplex_forest_clump_tiny,
          infiniplex_forest_lined_room_, infiniplex_forest_clump_curved,
          infiniplex_forest_clump_large, minivault_5
D:3:      kennysheep_the_goblin_king, layout_rooms, serial_glass,
          glass_columns_a, glass_columns_b, item_on_display_a, feat_on_display,
          feat_on_display, gup_sewer_entry_spiral,
          chequers_serial_rivers_large_a, uniq_crazy_yiuf_cottage
D:4:      layout_basic
D:5:      layout_rooms, serial_shops, nicolae_shop_statue_plus,
          gammafunk_ghost_gnarly_gnolls, chequers_ossuary_entry_cave,
          grunt_ministairs_2, hangedman_decor_growths, wad_floor_pattern_1

Skill      XL: |  1  2  3  4  5 |
---------------+----------------+-----
Armour         | 3 4 |  4.3
Fighting       | 4 5 |  5.5
Axes           | 4 5 |  5.8
Dodging        | 3 |  3.8
Stealth        | |  0.6

Action                   |  1- 3 |  4- 6 || total
-------------------------+-------+-------++-------
Melee: Short sword       |    52 |       ||    52
       Headbutt          |    22 |     7 ||    29
       Hand axe          |    45 |    60 ||   105
Invok: Berserk           |     1 |     2 ||     3
  Use: Potion            |       |     1 ||     1
Armor: Animal skin       |     3 |       ||     3
       Leather armour    |    14 |    22 ||    36
       Chain mail        |       |     5 ||     5
Dodge: Dodged            |    40 |    39 ||    79
